Map: Cactus Valley LE (Void)

Players

MagicJohnson

  • Race: Zerg Zerg
  • League: Master
  • Spawn Location: 5:00

Railgan - Winner!

  • Race: Zerg Zerg
  • League: Grandmaster
  • Spawn Location: 11:00

VOD

Have the link to the VOD?

Description

Time

  • Played on: March 18, 2017, 7:26 p.m.
  • Length: 7:45
Show
View Real Time Build Order
Export as new Build Order

MagicJohnson Zerg 

Build Orders: Hatch First 

Get SALT Encoding   

  12  0:00  Drone  
  13  0:12  Overlord  
  13  0:20  Drone  
  14  0:31  Drone x2  
  16  0:36  Drone  
  17  0:52  Hatchery  
  17  0:56  Drone  
  17  1:00  Drone  
  18  1:10  Extractor  
  17  1:14  Spawning Pool  
  17  1:18  Drone  
  17  1:20  Drone  
  18  1:28  Drone  
  19  1:39  Overlord  
  19  2:01  Queen  
  19  2:02  Zergling x4  
  19  2:04  Queen  
  19  2:05  Drone  
  26  2:09  Metabolic Boost  
  26  2:13  Drone  
  27  2:20  Drone  
  27  2:22  Drone  
  29  2:26  Zergling x2  
  30  2:33  Baneling Nest, Drone  
  30  2:40  Drone  
  30  2:43  Drone  
  32  2:49  Drone  
  33  2:57  Hatchery  
  32  3:02  Drone x2  
  32  3:05  Drone  
  34  3:15  Zergling x2  
  34  3:16  Overlord  
  34  3:17  Overlord  
  34  3:19  Drone  
  36  3:21  Baneling x3  
  36  3:34  Zergling x6  
  39  3:39  Zergling x2  
  39  3:40  Drone x2  
  40  3:45  Drone x5  
  45  3:56  Zergling x6  
  48  4:03  Overlord  
  48  4:06  Extractor  
  48  4:07  Roach Warren  
  48  4:08  Zergling x4  
  48  4:14  Queen  
  50  4:17  Baneling  
  50  4:18  Baneling  
  50  4:20  Overlord  
  50  4:21  Baneling x2  
  50  4:27  Zergling x4  
  50  4:28  Zergling x6  
  55  4:36  Overlord  
  55  4:49  Roach x5  
  55  4:50  Roach x2  
  69  4:55  Overlord  
  69  4:56  Roach  
  69  4:59  Overlord  
  71  5:02  Overlord  
  70  5:13  Roach x2  
  74  5:16  Roach  
  74  5:17  Zergling x6  
  74  5:18  Zergling x4  
  81  5:24  Baneling  
  81  5:26  Zergling x8  
  85  5:33  Baneling  
  85  5:35  Zergling x6  
  88  5:42  Baneling x2  
  88  5:51  Zergling x6  
  88  5:52  Zergling x6  
  88  5:54  Baneling x2  
  88  5:55  Zergling x2  
  92  5:59  Zergling x6  
  92  6:02  Baneling x2  
  82  6:13  Zergling x12  
  82  6:14  Zergling x2  
  73  6:22  Zergling x2  
  73  6:23  Zergling x4  
  75  6:28  Ravager  
  59  6:44  Zergling x6  
  59  6:45  Zergling x6  
  64  6:51  Baneling x3  
  64  6:53  Overlord, Zergling x2  
  64  6:54  Zergling x14  
  72  7:02  Baneling x3, Overlord  
  72  7:14  Drone x4  
  72  7:15  Drone  
  75  7:16  Drone x2  
  75  7:17  Drone  
  59  7:25  Zergling x10  
  59  7:28  Baneling x3  
Show
View Real Time Build Order
Export as new Build Order

Railgan Zerg - Winner!

Build Orders: Hatch First 

Get SALT Encoding   

  12  0:02  Drone  
  13  0:13  Overlord  
  13  0:18  Drone  
  14  0:31  Drone x2  
  14  0:35  Drone  
  17  0:45  Drone  
  18  0:56  Hatchery  
  17  0:59  Extractor  
  17  1:01  Drone  
  17  1:15  Spawning Pool  
  16  1:19  Drone  
  16  1:21  Drone  
  18  1:28  Drone  
  19  1:40  Overlord  
  19  2:02  Drone  
  19  2:03  Drone, Queen  
  23  2:08  Queen  
  23  2:10  Spine Crawler  
  23  2:11  Zergling x2  
  25  2:17  Baneling Nest  
  25  2:20  Zergling x4  
  26  2:28  Drone  
  27  2:33  Metabolic Boost  
  27  2:35  Drone  
  28  2:43  Drone  
  29  2:46  Drone  
  30  2:55  Drone  
  30  2:57  Overlord  
  30  2:58  Drone  
  32  3:04  Drone  
  33  3:08  Drone  
  34  3:17  Baneling x2  
  34  3:18  Drone  
  34  3:19  Drone x2, Zergling x2  
  38  3:20  Drone x3  
  38  3:25  Overlord  
  41  3:29  Drone  
  41  3:34  Lair  
  42  3:35  Zergling x2  
  42  3:43  Drone  
  42  3:45  Drone  
  42  3:46  Baneling  
  44  3:49  Extractor, Zergling x2  
  44  3:50  Drone x2  
  44  3:51  Extractor  
  44  3:52  Drone x2  
  44  3:55  Extractor  
  46  3:58  Drone  
  46  3:59  Drone  
  46  4:01  Drone  
  46  4:02  Drone  
  50  4:11  Drone  
  50  4:15  Evolution Chamber, Drone  
  51  4:18  Zergling x2  
  51  4:19  Overlord  
  51  4:20  Baneling x2, Overlord  
  52  4:33  Overlord  
  52  4:37  Zergling x2  
  52  4:38  Centrifical Hooks  
  52  4:42  Hydralisk Den  
  52  4:44  Baneling x2  
  51  4:49  Drone x4  
  51  4:50  Drone  
  56  5:00  Zerg Ground Armor Level 1, Evolution Chamber  
  56  5:01  Zergling x4  
  57  5:09  Zergling x4  
  57  5:10  Overlord  
  59  5:16  Muscular Augments  
  59  5:18  Zergling x4  
  61  5:21  Zergling x4  
  63  5:30  Hydralisk  
  63  5:33  Hydralisk  
  67  5:36  Spine Crawler  
  67  5:37  Spine Crawler  
  67  5:40  Hydralisk x3  
  67  5:42  Zergling x2  
  71  5:43  Baneling  
  71  5:48  Zergling x2  
  72  5:51  Overlord, Zergling x4  
  72  5:52  Baneling  
  72  5:55  Hydralisk  
  70  6:05  Zergling x2  
  70  6:07  Baneling x6  
  69  6:14  Zergling x12  
  69  6:22  Zergling x2  
  69  6:25  Hydralisk  
  70  6:34  Hydralisk  
  70  6:39  Zergling x2  
  72  6:40  Zergling x4  
  72  6:46  Hydralisk x2  
  73  6:49  Baneling x4  
  77  6:54  Drone, Hatchery  
  77  6:55  Drone  
  78  7:06  Baneling x2  
  78  7:09  Hydralisk  
  78  7:12  Drone  
  78  7:14  Drone  
  78  7:15  Drone  
  83  7:16  Hydralisk  
  79  7:25  Zergling x8  
  79  7:26  Baneling  
  82  7:31  Baneling x2  
Tags
 
Add a new tag
Caveats
  • Supply blocks, unpowered buildings, or Contaminate may cause inaccurate times.
  • Supply counts are checked every 10 seconds.